 Dungeon Crawl Stone Soup version 0.24-a0-447-ge8da9206dc (webtiles) character file.

Game seed: 3076335020505308205

4711 tilp the Transmogrifier (level 10, -20/86 HPs)
             Began as an Octopode Transmuter on June 24, 2019.
             Was an Initiate of Gozag.
             Demolished by an efreet
             ... wielding the +11 great sword of Makhleb's Regard {flame, +Inv rN+}
              (31 damage)
             ... on level 8 of the Dungeon on June 25, 2019.
             The game lasted 00:39:00 (12757 turns).

tilp the Transmogrifier (Octopode Transmuter)      Turns: 12757, Time: 00:39:00

Health: -20/86     AC:  8    Str: 14    XL:     10   Next: 45%
Magic:  14/16      EV: 11    Int: 22    God:    Gozag
Gold:   321        SH:  0    Dex: 12    Spells: 8/18 levels left

rFire    x . .     SeeInvis .     - Unarmed
rCold    + + +     Gourm    .   (shield currently unavailable)
rNeg     . . .     Faith    .   (helmet currently unavailable)
rPois    +         Spirit   .   d - amulet of magic regeneration
rElec    .         Reflect  .   h - +3 ring of intelligence
rCorr    .         Harm     .   o - +4 ring of strength
MR       .....                  A - +2 ring of protection
Stlth    +++.......             (no ring)
HPRegen  0.24/turn              (no ring)
MPRegen  0.40/turn              (no ring)
                                (no ring)
                                (no ring)

@: ice-form, lightly drained
A: large, almost no armour, stealthy swim, amphibious, 8 rings, (constrict 8)
a: End Transformation, Potion Petition, Call Merchant, Bribe Branch, Renounce
Religion


You were on level 8 of the Dungeon.
You worshipped Gozag.
Gozag was aware of your devotion.
You were not hungry.
You were a creature of crystalline ice.
You visited 2 branches of the dungeon, and saw 9 of its levels.
You also visited: Sewer.

You collected 643 gold pieces.
You spent 130 gold pieces at shops.
You paid 192 gold pieces to Gozag.

Inventory:

Hand Weapons
 a - a +1 dagger of holy wrath
 b - a +3 flail of freezing
 G - the +8 demon trident "Rift" (melded) {distort, reach+}
   (You took it off an orc wizard on level 8 of the Dungeon)

   It warps and distorts space around it.
   Unwielding it can cause banishment or high damage.
 K - a +1 morningstar of protection
 O - a cursed -3 lajatang
 P - a +4 broad axe of venom
 R - a +3 scimitar of flaming
Missiles
 e - 9 curare-tipped darts
 s - 178 arrows
 w - 3 javelins
 y - 17 poisoned darts (quivered)
 z - 9 boomerangs
 H - 2 atropa-tipped darts
Armour
 k - a +0 buckler
Magical Staves
 E - an uncursed staff of earth {unknown}
Jewellery
 d - an amulet of magic regeneration (around neck)
 h - a +3 ring of intelligence (left front paw)
 o - a +4 ring of strength (right front paw)
 A - a +2 ring of protection (on tentacle)
 Q - an uncursed amulet of faith
Wands
 F - a wand of random effects (31)
 M - a wand of disintegration (7)
 N - a wand of flame (12)
Scrolls
 f - 5 scrolls of remove curse
 i - a scroll of enchant armour {unknown}
 p - a scroll of fear
 q - 3 scrolls of teleportation
 t - a scroll of amnesia
 x - a scroll of blinking {unknown}
 I - a scroll of immolation {unknown}
 J - 2 scrolls of fog {unknown}
 S - a scroll of random uselessness
 T - 2 scrolls of identify
Potions
 g - a potion of invisibility
 j - a potion of brilliance
 l - a potion of mutation
 m - 7 potions of flight
 n - a potion of might
 r - a potion of magic
 u - a potion of heal wounds
 v - a potion of lignification {unknown}
 B - a potion of agility
 C - a potion of cancellation {unknown}
 D - 2 potions of curing
Miscellaneous
 L - a box of beasts
Comestibles
 c - 15 rations


   Skills:
 - Level 8.0(7.9) Fighting
 - Level 4.0(3.9) Dodging
 - Level 6.3(6.2) Stealth
 - Level 4.2(4.1) Shields
 - Level 6.1(6.0) Unarmed Combat
 + Level 4.5(4.4) Spellcasting
 - Level 8.1(8.0) Transmutations


You had 8 spell levels left.
You knew the following spells:

 Your Spells              Type           Power        Failure   Level  Hunger
a - Beastly Appendage     Tmut           #####.       1%          1    None
b - Sticks to Snakes      Tmut           #####...     1%          2    #......
c - Spider Form           Tmut/Pois      ###.......   6%          3    ##.....
d - Ice Form              Ice/Tmut       ###.....     21%         4    ####...

Your spell library contained the following spells:

 Spells                   Type           Power        Failure   Level  Hunger
 Animate Skeleton         Necr           N/A          11%         1    None
 Apportation              Tloc           #.....       11%         1    None
 Confusing Touch          Hex            #.....       11%         1    None
 Flame Tongue             Conj/Fire      #....        11%         1    None
 Summon Small Mammal      Summ           #...         11%         1    None
 Blade Hands              Tmut           #####.....   11%         5    ######.
 Poisonous Vapours        Pois/Air       #.....       16%         2    #......
 Conjure Flame            Conj/Fire      #.......     32%         3    ##.....
 Mephitic Cloud           Conj/Pois/Air  #.......     32%         3    ##.....
 Cause Fear               Hex            #.........   71%         4    ####...
 Dragon Form              Tmut           #####.....   98%         7    #######
 Bolt of Fire             Conj/Fire      #.........   100%        6    #######
 Freezing Cloud           Conj/Ice/Air   #.........   100%        6    #######
 Ring of Flames           Chrm/Fire      #.........   100%        7    #######
 Dragon's Call            Summ           #.........   100%        9    #######


Dungeon Overview and Level Annotations

Branches:
Dungeon (8/15)             Temple (1/1) D:7
   Lair: D:8-11

Altars:
Ashenzari
Cheibriados
Dithmenos
Elyvilon
Gozag
Hepliaklqana
Kikubaaqudgha
Makhleb
Nemelex Xobeh
Qazlal
Ru
Sif Muna
Trog
Uskayaw
Wu Jian
Xom
Yredelemnul
Zin
The Shining One

Shops:
D:8 ?

Annotations:
D:6 exclusions: hound and shadow imp, Edmund, Sigmund
D:7 , 2 transporters, Nico3ck's ghost, novice FoFi


Innate Abilities, Weirdness & Mutations

You cannot wear most types of armour.
You are very stealthy in the water. (Stealth+)
You are amphibious.
You can wear up to eight rings at the same time.
((You can use your tentacles to constrict eight enemies at once.))
((Your skin changes colour to match your surroundings (Stealth+).))
((Your rubbery body absorbs attacks. (AC +1, EV +1)))


Message History

The +8 demon trident "Rift" {distort, reach+} melds into your body.
The efreet gestures at you.
The fireball explodes!
The fireball engulfs you!!! The fire burns you terribly!
You pummel the efreet!! You freeze the efreet!
The efreet is severely wounded.
You completely miss the efreet.
The efreet is severely wounded.
The efreet gestures at you.
The fireball explodes!
The fireball engulfs you!!! The fire burns you terribly!
* * * LOW HITPOINT WARNING * * *
The fireball engulfs the efreet.
The efreet completely resists.
Unknown command.
You hit the efreet but do no damage.
The efreet is severely wounded.
The efreet drinks a potion.
The efreet is healed!
You hit the efreet. You freeze the efreet.
The efreet is lightly wounded.
The efreet hits you with the +11 great sword of Makhleb's Regard {flame, +Inv rN+}!!
You die...
Your body crumbles into a pile of gold.

#.........#....(.........#.....
#.......).#.........†....#.....
#.........#..............#.....
#.........#########......#.....
#................##......#.....
#................#.......#....<
#................#.......#.....
#...........∩....#.......#.....
###.............Y..#.......#.....
........(........R.#.......##'###
...............$...#####...##...#
............#####.... ######...#
............ ..... #.........
............ ......#.........
........... ......#.........
....... ......########## #######


You could see an efreet.

Vanquished Creatures
  Pikel (D:7)
  An ugly thing (D:8)
  Psyche (D:8)
  A hippogriff (D:8)
  Menkaure (D:7)
  2 sky beasts
  2 ice beasts (D:5)
  2 slaves (D:7)
  2 phantoms (D:8)
  An ogre (D:7)
  A centaur (D:8)
  A big kobold (D:7)
  3 bullfrogs
  A water moccasin zombie (D:7)
  2 scorpions
  5 killer bees (D:8)
  6 wights
  3 howler monkeys
  A bullfrog zombie (D:7)
  6 crimson imps
  A hound (D:3)
  A bullfrog skeleton (D:8)
  2 jellies
  8 orc priests
  Crazy Yiuf (D:7)
  7 orc wizards
  6 worker ants
  An iguana (D:4)
  A hound zombie (D:8)
  A hound skeleton (D:7)
  A worker ant zombie (D:8)
  4 gnolls (D:6)
  11 adders
  5 shadow imps
  3 oozes
  3 adder skeletons
  An adder zombie (D:8)
  4 worms
  3 dart slugs
  10 leopard geckos
  44 orcs
  12 bats
  12 giant cockroaches
  9 goblins
  5 hobgoblins
  9 jackals
  2 quokkas
  6 ball pythons
  6 frilled lizards
  13 kobolds
  A leopard gecko zombie (D:6)
  9 rats
245 creatures vanquished.

Vanquished Creatures (others)
  Maurice (D:8)
  2 slaves (D:8)
  An ice beast (D:8)
  A centaur skeleton (D:8)
  A leopard gecko zombie (D:8)
6 creatures vanquished.

Grand Total: 251 creatures vanquished

Notes
Turn   | Place    | Note
-------+----------+-------------------------------------------
     0 | D:1      | tilp the Octopode Transmuter began the quest for the Orb.
     0 | D:1      | Reached XP level 1. HP: 13/13 MP: 3/3
    92 | D:1      | Reached skill level 1 in Stealth
   394 | D:1      | Reached XP level 2. HP: 17/18 MP: 3/5
   420 | D:1      | Learned a level 2 spell: Sticks to Snakes
  1027 | D:2      | Found a shimmering altar of Xom.
  1068 | D:2      | Found a hazy altar of Hepliaklqana.
  1108 | D:2      | Reached XP level 3. HP: 19/23 MP: 6/6
  1781 | D:2      | Found a white marble altar of Elyvilon.
  1856 | D:2      | Reached XP level 4. HP: 9/28 MP: 7/7
  2503 | D:2      | Learned a level 3 spell: Spider Form
  2558 | D:3      | Found a glowing drain.
  2614 | Sewer    | Entered a sewer
  3054 | Sewer    | Reached XP level 5. HP: 12/33 MP: 8/8
  3544 | D:3      | Found a burning altar of Makhleb.
  3550 | D:3      | Reached skill level 5 in Stealth
  3568 | D:3      | Found a shimmering altar of Xom.
  3737 | D:3      | Found a deep blue altar of Sif Muna.
  3738 | D:3      | Found an ornate altar of the Wu Jian Council.
  3878 | D:3      | Reached XP level 6. HP: 38/38 MP: 9/9
  5042 | D:4      | Reached XP level 7. HP: 43/47 MP: 10/10
  5315 | D:5      | Entered Level 5 of the Dungeon
  5342 | D:5      | Reached skill level 1 in Shields
  6415 | D:6      | Learned a level 4 spell: Ice Form
  6502 | D:6      | Noticed Sigmund
  6526 | D:6      | Noticed Edmund
  6574 | D:6      | Reached XP level 8. HP: 37/54 MP: 11/11
  6707 | D:6      | Found a stormy altar of Qazlal.
  7383 | D:6      | Reached skill level 5 in Unarmed Combat
  8206 | D:7      | Found a glowing golden altar of the Shining One.
  8215 | D:7      | Noticed Menkaure
  8244 | D:7      | Found a shadowy altar of Dithmenos.
  8250 | D:7      | Found a deep blue altar of Sif Muna.
  8269 | D:7      | Found a runed translucent door.
  8270 | D:7      | Noticed Crazy Yiuf
  8507 | D:7      | Killed Menkaure
  8507 | D:7      | Reached skill level 5 in Transmutations
  8507 | D:7      | Reached XP level 9. HP: 30/58 MP: 12/12
  8975 | D:7      | Found a transporter.
  8981 | D:7      | Found a transporter.
  9000 | D:7      | Reached skill level 5 in Fighting
  9035 | D:7      | Found a shattered altar of Ashenzari.
  9075 | D:7      | Identified the cursed +1 dire flail of the Blind Eye
                  | {freeze, *Slow rElec Dex-3 SInv}
  9076 | D:7      | Noticed Nico3ck's ghost (novice FoFi)
  9219 | D:7      | Found a staircase to the Ecumenical Temple.
  9244 | Temple   | Entered the Ecumenical Temple
  9512 | D:7      | Killed Crazy Yiuf
  9554 | D:8      | Noticed Pikel
  9554 | D:8      | Noticed Psyche
  9923 | D:7      | Killed Pikel
 10101 | D:8      | Killed Psyche
 10863 | D:8      | Upgraded the game from 0.24-a0-446-g87df7205b4 to
                  | 0.24-a0-447-ge8da9206dc
 10964 | D:8      | Reached XP level 10. HP: 60/69 MP: 13/13
 11438 | D:8      | Noticed a brown ugly thing
 11610 | D:8      | Found an opulent altar of Gozag.
 11616 | D:8      | Became a worshipper of Gozag Ym Sagoz the Greedy
 11721 | D:8      | Got an ancient leather armour
 11765 | D:8      | Killed a brown ugly thing
 11975 | D:8      | Noticed Maurice
 12506 | D:8      | Found Palof's Magic Scroll Shop.
 12508 | D:8      | Identified the +11 great sword of Makhleb's Regard {flame,
                  | +Inv rN+}
 12529 | D:8      | Killed Maurice
 12750 | D:8      | Bought a scroll of teleportation for 39 gold pieces
 12750 | D:8      | Bought a scroll of random uselessness for 13 gold pieces
 12750 | D:8      | Bought 2 scrolls of identify for 52 gold pieces
 12750 | D:8      | Bought a scroll of identify for 26 gold pieces
 12757 | D:8      | Demolished by an efreet

Levels and vault maps discovered:
D:1:      psy_arrival_heroes, layout_basic
D:2:      layout_loops_cross, elyvilon_altar_5, lemuel_doored_altar,
          minmay_misc_feat_enclosed, minmay_stone_trees_small,
          lemuel_altar_in_water
D:3:      layout_basic, makhleb_heckhound_becter,
          gammafunk_temple_overflow_pools, first_ration, gup_sewer_entry_pipe,
          xom_teletrap_fun
D:4:      layout_rooms, grunt_decor_fettered, minmay_misc_feat_tower
D:5:      layout_basic
D:6:      layout_loops_ring, overflow_temple_1_default, uniq_edmund,
          uniq_sigmund
D:7:      layout_rooms, lemuel_crystal_altar, old_standard_altar,
          lemuel_crystal_altar, temple_hall, gammafunk_ghost_smash, basic_altar,
          uniq_crazy_yiuf_cottage, uniq_menkaure
D:8:      minmay_the_grid_octo_tiled_octocenter
          [minmay_the_grid_octo_fan_narrow, minmay_the_grid_octo_checkerflower,
          minmay_the_grid_octo_clover, minmay_the_grid_octo_vomiting_pacman,
          minmay_the_grid_octo_prize_square_snowflake,
          minmay_the_grid_square_5x5_minivault,
          minmay_the_grid_square_5x5_inverted_slash,
          minmay_the_grid_square_5x5_moneybag, minmay_the_grid_square_5x5_two],
          layout_gridville, fedhas_bush_and_centaur_altar, grunt_gozag_statues,
          special_room [special_room_orc], serial_shops, shop, uniq_pikel,
          uniq_maurice, uniq_psyche
Temple:   compressed_dpeg_triangle_lava_temple

Skill      XL: |  1  2  3  4  5  6  7  8  9 10 |
---------------+-------------------------------+-----
Stealth        | 1 2 3 4 6 |  6.3
Transmutations | 3 4 5 7 8 |  8.1
Fighting       | 3 4 6 8 |  8.0
Shields        | 4 |  4.2
Dodging        | 3 4 |  4.0
Unarmed Combat | 6 |  6.1
Spellcasting   | 4 |  4.5

Action                   |  1- 3 |  4- 6 |  7- 9 | 10-12 || total
-------------------------+-------+-------+-------+-------++-------
Melee: Dagger            |    69 |   141 |   107 |    12 ||   329
       Unarmed           |     8 |    41 |   139 |     4 ||   192
       Constrict         |    24 |    35 |    40 |    13 ||   112
       Tentacles         |     9 |    18 |    37 |    15 ||    79
       Kick              |    15 |    15 |    18 |    10 ||    58
       Punch             |       |     3 |     8 |     2 ||    13
       Flail             |       |       |    72 |    13 ||    85
       Demon trident     |       |       |       |    67 ||    67
Throw: Dart              |     1 |    27 |    16 |    18 ||    62
 Cast: Beastly Appendage |    14 |    10 |    12 |     8 ||    44
       Spider Form       |       |     6 |    17 |       ||    23
       Sticks to Snakes  |       |       |     6 |     1 ||     7
       Ice Form          |       |       |     1 |     1 ||     2
Evoke: Wand              |       |       |       |     1 ||     1
  Use: Scroll            |     2 |     7 |     4 |     6 ||    19
       Potion            |     1 |       |       |     4 ||     5
 Stab: Sleeping          |     4 |    16 |     9 |     3 ||    32
       Distracted        |       |       |     2 |       ||     2
  Eat: Chunk             |     3 |    11 |    12 |     3 ||    29
       Ration            |       |       |     3 |     1 ||     4
Armor: Skin              |     3 |    12 |    26 |     6 ||    47
Dodge: Dodged            |    48 |   137 |   254 |    74 ||   513

Table legend:
 A = Non-vault XP
 B = Vault XP
 C = Vault XP percentage of total XP
 D = Non-vault monster count
 E = Vault monster count
 F = Vault count percentage of total count
                 A         B        C        D         E       F
            +---------+---------+-------+---------+---------+-------
      Total |    3516 |    3214 |  47.8 |     166 |      79 |  32.2
            +---------+---------+-------+---------+---------+-------
        D:1 |      27 |       0 |   0.0 |      15 |       0 |   0.0
        D:2 |      81 |       0 |   0.0 |      18 |       0 |   0.0
        D:3 |     181 |      62 |  25.5 |      34 |       8 |  19.0
        D:4 |     225 |       0 |   0.0 |      18 |       0 |   0.0
        D:5 |     486 |       0 |   0.0 |      16 |       0 |   0.0
        D:6 |     946 |       0 |   0.0 |      29 |       0 |   0.0
        D:7 |     794 |     870 |  52.3 |      21 |       5 |  19.2
        D:8 |     776 |    2224 |  74.1 |      15 |      44 |  74.6
      Sewer |       0 |      58 | 100.0 |       0 |      22 | 100.0
            +---------+---------+-------+---------+---------+-------
